 Dungeon Crawl Stone Soup version 0.31-a0-232-gb1c03b2570 (webtiles) character file.

Game seed: 2360538612632192659

189 qw the Shooter (level 5, 0/45 HPs)
             Began as a Minotaur Hexslinger on July 7, 2023.
             Slain by a gnoll
             ... wielding a +0 flail
             ... led by a gnoll bouda
              (6 damage)
             ... on level 4 of the Dungeon.
             The game lasted 00:01:25 (2373 turns).

qw the Shooter (Minotaur Hexslinger)                Turns: 2373, Time: 00:01:25

Health: 0/45       AC:  5    Str: 13    XL:     5   Next: 40%
Magic:  5/5        EV: 11    Int: 10    God:
Gold:   260        SH:  0    Dex: 14    Spells: 5/6 levels left

rFire   . . .        Y - +1 sling
rCold   + . .        (no shield)
rNeg    . . .        c - +0 ring mail
rPois   .            (helmet restricted)
rElec   .            (no cloak)
rCorr   .            (no gloves)
SInv    +            (no boots)
Will    .....        (no amulet)
Stlth   +            i - ring of see invisible
HPRegen 0.27/turn    b - ring of protection from cold
MPRegen 0.09/turn

%: no passive effects
@: about to teleport
A: horns 2, retaliatory headbutt
a: no special abilities


You were on level 4 of the Dungeon.
You visited 1 branch of the dungeon, and saw 4 of its levels.

You collected 260 gold pieces.


Innate Abilities, Weirdness & Mutations

You have a pair of horns on your head.
You reflexively headbutt those who attack you in melee.


   Skills:
 - Level 3.0 Fighting
 + Level 5.5 Ranged Weapons
 - Level 1.0 Armour
 - Level 2.1 Dodging
 - Level 1.0 Spellcasting
 - Level 2.0 Hexes


You had 5 spell levels left.
You knew the following spells:

 Your Spells              Type           Power      Damage    Failure   Level
a - Slow                  Hex            16%        N/A       32%         1

Your spell library contained the following spells:

 Spells                   Type           Power      Damage    Failure   Level
 Inner Flame              Hex/Fire       2%         N/A       82%         3
 Portal Projectile        Hex/Tloc       4%         N/A       82%         3
 Cause Fear               Hex            2%         N/A       97%         4

Inventory:

Hand Weapons
 Y - a +1 sling (weapon)
Armour
 c - a +0 ring mail (worn)
Jewellery
 b - a ring of protection from cold (right hand)
 d - a ring of protection from fire
 i - a ring of see invisible (left hand)
Scrolls
 m - a scroll of identify
Potions
 e - a potion of haste {unknown}
 f - a potion of heal wounds {unknown}
 g - a potion of invisibility {unknown}
 j - a potion of enlightenment {unknown}

Dungeon Overview and Level Annotations

Branches:
Dungeon (4/15)
 Temple: D:4-7

Altars:
Qazlal
Ru


Message History

You headbutt the gnoll, but do no damage.
You shoot a sling bullet. The sling bullet hits the gnoll.
The gnoll is severely wounded.
The gnoll hits you with a +0 club.
You shoot a sling bullet.
The sling bullet hits the gnoll but does no damage.
The gnoll is severely wounded.
The gnoll hits you with a +0 club.
The gnoll bouda barks out a call to the hunt!
The gnoll picks up the pace!
You shoot a sling bullet.
The sling bullet closely misses the gnoll bouda.
The sling bullet hits the gnoll.
The gnoll is lightly wounded.
The gnoll barely misses you.
You shoot a sling bullet. The sling bullet hits the gnoll bouda.
The gnoll bouda is moderately wounded.
The gnoll hits you with a +0 flail.
The gnoll bouda hits you with a +0 club.
You shoot a sling bullet.
The sling bullet hits the gnoll bouda but does no damage.
The gnoll bouda is moderately wounded.
The gnoll hits you with a +0 flail. The gnoll bouda closely misses you.
You shoot a sling bullet.
The sling bullet closely misses the gnoll bouda.
The sling bullet hits the gnoll.
The gnoll is moderately wounded.
The gnoll hits you with a +0 flail!
You shoot a sling bullet.
The sling bullet barely misses the gnoll bouda.
The gnoll closely misses you.
The gnoll bouda hits you with a +0 club.
You shoot a sling bullet.
The sling bullet closely misses the gnoll bouda.
The gnoll hits you with a +0 flail! The gnoll bouda closely misses you.
2373 ||| READING scroll of teleportation.
As you read the scroll of teleportation, it crumbles to dust.
You feel strangely unstable. The gnoll hits you with a +0 flail.
You die... .... ### ..#. . #.. ... .. #.# ..# ... # #.# ..#.. # ## #.# gg.

... .## #.#####g#.....
#.# #...#.....@g......
.######...#.#####.......
.#........#.#...#.#..##.
..........#.#.#.#.. ....
.#........#.#.#.#... ##.
.######...#...#.#.... ##
#[..#####.#.....
#.........#..##.#
###...#####.#


You could see a gnoll bouda and 3 gnolls.

Vanquished Creatures
  A sleepcap (D:4)
  A gnoll (D:4)
  3 adders
  An ufetubus (D:4)
  7 worms
  3 dart slugs
  6 orcs (D:3)
  6 endoplasms
  3 giant cockroaches
  4 goblins
  10 hobgoblins
  10 jackals
  2 quokkas (D:1)
  7 ball pythons
  7 bats
  2 frilled lizards (D:1)
  9 kobolds
  7 rats
89 creatures vanquished.

Notes
Turn   | Place    | Note
-------+----------+-------------------------------------------
     0 | D:1      | qw the Minotaur Hexslinger began the quest for the Orb.
     0 | D:1      | Reached XP level 1. HP: 16/16 MP: 1/1
     0 | D:1      | 0 ||| qw: Version: 0.3-a-46-gb1f654a
     0 | D:1      | 0 ||| qw: Game counter: 2843
     0 | D:1      | 0 ||| qw: Melee chars always use a shield: true
     0 | D:1      | 0 ||| qw: God list: Okawaru
     0 | D:1      | 0 ||| qw: Allow faded altars: false
     0 | D:1      | 0 ||| qw: Do Orc after clearing Dungeon:15 true
     0 | D:1      | 0 ||| qw: Do second Lair branch before Depths: true
     0 | D:1      | 0 ||| qw: Lair rune preference: random
     0 | D:1      | 0 ||| qw: Goals: Normal
     0 | D:1      | 0 ||| PLANNING D:1-11
    77 | D:1      | 77 ||| FLEEEEING.
    78 | D:1      | 78 ||| FLEEEEING.
    88 | D:1      | 88 ||| FLEEEEING.
    90 | D:1      | 90 ||| FLEEEEING.
    91 | D:1      | 91 ||| FLEEEEING.
    92 | D:1      | 92 ||| FLEEEEING.
    95 | D:1      | 95 ||| FLEEEEING.
    96 | D:1      | 96 ||| FLEEEEING.
   131 | D:1      | Reached skill level 3 in Ranged Weapons
   141 | D:1      | Reached XP level 2. HP: 23/23 MP: 2/2
   303 | D:1      | Reached XP level 3. HP: 13/29 MP: 3/3
   639 | D:1      | Found a faded altar of an unknown god.
   665 | D:1      | Found Gosyitef's Vocational Training.
   756 | D:1      | 756 ||| UPGRADING to +0 leather armour.
   766 | D:1      | 766 ||| DROPPING +0 robe.
   767 | D:1      | 767 ||| DROPPING +6 ring of intelligence.
   768 | D:1      | 768 ||| UPGRADING to ring of see invisible.
   769 | D:1      | 769 ||| READING scroll labelled LIMIDA SILIR.
   770 | D:1      | 770 ||| READING scroll labelled KITUPN GUIR.
   771 | D:1      | 771 ||| READING 2 scrolls labelled LILLU WUIDDUOPT.
   824 | D:1      | 824 ||| READING scroll labelled AVAYTU UCIN.
   829 | D:1      | 829 ||| READING 2 scrolls labelled SUIQIUNOUH.
   830 | D:1      | 830 ||| DROPPING scroll of poison.
   831 | D:1      | 831 ||| DROPPING scroll of torment.
   867 | D:2      | Reached skill level 4 in Ranged Weapons
  1049 | D:2      | 1049 ||| FLEEEEING.
  1052 | D:2      | 1052 ||| FLEEEEING.
  1053 | D:2      | 1053 ||| FLEEEEING.
  1058 | D:2      | 1058 ||| FLEEEEING.
  1060 | D:2      | 1060 ||| FLEEEEING.
  1063 | D:2      | 1063 ||| FLEEEEING.
  1064 | D:2      | 1064 ||| FLEEEEING.
  1065 | D:2      | 1065 ||| FLEEEEING.
  1066 | D:2      | 1066 ||| FLEEEEING.
  1082 | D:2      | Reached XP level 4. HP: 36/36 MP: 4/4
  1306 | D:2      | Found a stormy altar of Qazlal.
  1344 | D:2      | 1344 ||| UPGRADING to +0 ring mail.
  1354 | D:2      | 1354 ||| DROPPING +0 leather armour.
  1355 | D:2      | 1355 ||| READING scroll labelled QICAT IPUAJYLL.
  1456 | D:2      | 1456 ||| READING scroll labelled FUIDYL SEPYULEINTA.
  1661 | D:3      | Reached skill level 1 in Armour
  1665 | D:3      | 1665 ||| FLEEEEING.
  1666 | D:3      | 1666 ||| FLEEEEING.
  1667 | D:3      | 1667 ||| FLEEEEING.
  1668 | D:3      | 1668 ||| FLEEEEING.
  1669 | D:3      | 1669 ||| FLEEEEING.
  1679 | D:3      | 1679 ||| FLEEEEING.
  1680 | D:3      | 1680 ||| FLEEEEING.
  1681 | D:3      | 1681 ||| FLEEEEING.
  1682 | D:3      | 1682 ||| FLEEEEING.
  1683 | D:3      | 1683 ||| FLEEEEING.
  1684 | D:3      | 1684 ||| FLEEEEING.
  1685 | D:3      | 1685 ||| FLEEEEING.
  1686 | D:3      | 1686 ||| FLEEEEING.
  1773 | D:3      | Reached skill level 5 in Ranged Weapons
  2013 | D:3      | Found a sacrificial altar of Ru.
  2182 | D:3      | 2182 ||| UPGRADING to ring of protection from cold.
  2183 | D:3      | 2183 ||| READING scroll labelled RUEQOY MUNGO.
  2184 | D:3      | 2184 ||| READING scroll labelled QEYTAI OCKA.
  2185 | D:3      | 2185 ||| READING 2 scrolls of identify.
  2185 | D:3      | 2185 ||| IDENTIFYING dark potion
  2186 | D:3      | 2186 ||| DROPPING potion of berserk rage.
  2202 | D:4      | 2202 ||| PLANNING SEWER
  2271 | D:4      | Reached skill level 3 in Fighting
  2271 | D:4      | Reached XP level 5. HP: 45/45 MP: 5/5
  2372 | D:4      | HP: 6/45 [gnoll/+0 flail[a gnoll bouda] (12)]
  2373 | D:4      | 2373 ||| READING scroll of teleportation.
  2373 | D:4      | Slain by a gnoll

Levels and vault maps discovered:
D:1:      reono_arrival_mine, layout_rooms, nicolae_ecumenical_lake_church,
          minivault_11, dreamdust_wishing_well, nicolae_shop_vocational
D:2:      layout_rooms, basic_altar, minmay_misc_feat_enclosed
D:3:      layout_rooms, nicolae_ru_path_of_blood, serial_aquarium,
          aquarium_bridge_square [aquarium_subvault_bridge,
          aquarium_subvault_bridge, aquarium_subvault_window,
          aquarium_subvault_balcony], aquarium_window_1, aquarium_window_2,
          aquarium_window_corridor_2, aquarium_window_fake, aquarium_view_2d,
          aquarium_view_2e, hangedman_abyss_or_decor_lesser_grid, st_stairs_1,
          minmay_statues_item
D:4:      layout_loops_cross, portal_sewer_entry_b,
          gammafunk_ghost_nasty_kobolds, st_stairs_5, roderic_lattice_a

Skill      XL: |  1  2  3  4 |
---------------+-------------+-----
Ranged Weapons | 3 4 5 |  5.5
Fighting       | 2 3 |  3.0
Armour         | 1 |  1.0
Dodging        | |  2.1
Spellcasting   | |  1.0
Hexes          | |  2.0

Action                     |  1- 3 |  4- 6 || total
---------------------------+-------+-------++-------
   Fire: Sling             |   149 |   176 ||   325
    Use: Scroll            |     5 |     6 ||    11
 Armour: Robe              |     6 |       ||     6
         Leather armour    |     2 |     1 ||     3
         Ring mail         |       |    17 ||    17
  Dodge: Dodged            |    41 |    52 ||    93

Table legend:
 A = Non-vault XP
 B = Vault XP
 C = Vault XP percentage of total XP
 D = Non-vault monster count
 E = Vault monster count
 F = Vault count percentage of total count
                 A         B        C        D         E       F
            +---------+---------+-------+---------+---------+-------
      Total |     267 |       3 |   1.1 |      87 |       2 |   2.2
            +---------+---------+-------+---------+---------+-------
        D:1 |      62 |       0 |   0.0 |      34 |       0 |   0.0
        D:2 |      53 |       0 |   0.0 |      21 |       0 |   0.0
        D:3 |      73 |       3 |   3.9 |      24 |       2 |   7.7
        D:4 |      79 |       0 |   0.0 |       8 |       0 |   0.0
            +---------+---------+-------+---------+---------+-------
